 Dungeon Crawl Stone Soup version 0.18-a0-1120-g03bd624 (webtiles) character file.

42 Trivium the Skirmisher (level 3, 33/33 HPs)
             Began as a Hill Orc Fighter on Jan 17, 2016.
             Was a Follower of Makhleb.
             Quit the game on level 2 of the Dungeon.
             The game lasted 00:02:13 (1167 turns).

Trivium the Skirmisher (Hill Orc Fighter)           Turns: 1167, Time: 00:02:13

Health: 33/33      AC:  6    Str: 19    XL:     3   Next: 54%
Magic:  3/3        EV:  7    Int:  3    God:    Makhleb [*.....]
Gold:   103        SH:  8    Dex: 10    Spells: 0 memorised, 2 levels left

rFire  + . .     SeeInvis .     a - +0 war axe
rCold  . . .     Gourm    .     b - +0 scale mail
rNeg   . . .     Faith    .     c - +0 shield
rPois  .         Spirit   .     (no helmet)
rElec  .         Dismiss  +     (no cloak)
rCorr  .         Reflect  .     (no gloves)
SustAt .         Harm     .     (no boots)
MR     .....                    h - amulet of dismissal
Stlth  ..........               j - ring of protection from fire
                                i - -5 ring of intelligence

@: about to teleport, drained, not resistant to hostile enchantments, extremely
unstealthy
A: no striking features
a: Renounce Religion


You were on level 2 of the Dungeon.
You worshipped Makhleb.
Makhleb was aware of your devotion.
You were not hungry.

You visited 1 branch of the dungeon, and saw 2 of its levels.

You collected 103 gold pieces.

Inventory:

Hand Weapons
 a - a +0 war axe (weapon)
Armour
 b - a +0 scale mail (worn)
 c - a +0 shield (worn)
Jewellery
 h - an amulet of dismissal (around neck)
 i - a -5 ring of intelligence (left hand)
 j - a ring of protection from fire (right hand)
 o - an uncursed ring of protection from fire
Scrolls
 k - a scroll of fear
 n - a scroll of magic mapping {unknown}
 q - a scroll of random uselessness {unknown}
Potions
 d - a potion of might
 e - a potion of resistance {unknown}
 p - a potion of curing {unknown}
Comestibles
 f - 3 bread rations
 m - a meat ration


   Skills:
 + Level 4.1(2.9) Fighting
 + Level 3.3(2.2) Axes
 + Level 3.7(2.6) Armour
 + Level 0.1(0.0) Dodging
 + Level 0.1(0.0) Stealth
 + Level 3.7(2.6) Shields


You had 2 spell levels left.
You didn't know any spells.

Dungeon Overview and Level Annotations

Branches:
Dungeon (2/15)

Altars:
Makhleb


Message History

You now have 103 gold pieces (gained 10).
Found a stone staircase leading up.
Read which item? (? for menu, Esc to quit)
As you read the scroll labeled DUSHASOFRU, it crumbles to dust.
You assume a fearsome visage.
Nothing appears to happen.
It was a scroll of fear.
Read which item? (? for menu, Esc to quit)
As you read the scroll labeled GUHYFICZAL, it crumbles to dust.
You feel strangely unstable.
It was a scroll of teleportation.
Read which item? (? for menu, Esc to quit)
As you read the scroll labeled IFUSET ZA CAURO, it crumbles to dust.
You feel as if something is helping you.
It was a scroll of remove curse.
There is a faded altar to an unknown god here.
This altar will convert you to a god.
You cannot discern which.
Do you pray? Makhleb accepts your prayer! Makhleb welcomes you!
You can now gain health from killing.
Unknown command.
Are you sure you want to abandon this character and quit the game? (Confirm with "yes".)

#....#.......# #.....#
#....'.....).# #######
##...#.......#
#...######### ### #
#...# ..# #. #####
#######.# . #.......#
#..#...)# #@#...######
.......#.........#######
.................##.....
......###.#......#....##
...... #.#...........##
...... #.##............
...<# #.##............
#### #.#######.#'#.(.
#.#.#...


There were no monsters in sight!

Vanquished Creatures
  2 giant geckos (D:1)
  9 bats
  3 giant cockroaches
  3 hobgoblins
  3 jackals (D:2)
  5 kobolds
  A ball python (D:1)
  2 giant newts (D:1)
  4 goblins
  4 rats (D:1)
36 creatures vanquished.

Notes
Turn   | Place    | Note
--------------------------------------------------------------
     0 | D:1      | Trivium the Hill Orc Fighter began the quest for the Orb.
     0 | D:1      | Reached XP level 1. HP: 19/19 MP: 1/1
    43 | D:1      | Reached XP level 2. HP: 24/27 MP: 2/2
   481 | D:1      | Reached skill level 4 in Fighting
   481 | D:1      | Reached XP level 3. HP: 28/33 MP: 3/3
  1149 | D:2      | Found a faded altar to an unknown god.
  1167 | D:2      | Became a worshipper of Makhleb the Destroyer
  1167 | D:2      | Reached * piety under Makhleb
  1167 | D:2      | Quit the game

Vault maps used:
D:1:      minmay_arrival_stair_chambers
D:2:      ecumenical_altar_1

Action                   || total
-------------------------++-------
Melee: War axe           ||   110
  Use: Scroll            ||     3
  Eat: Chunk             ||     1
